 Dungeon Crawl Stone Soup version 0.21.1-1-g345015f (webtiles) character file.

50 inc the Vexing (level 3, 0/14 HPs)
             Began as a Felid Enchanter on Feb 21, 2018.
             Slain by an iguana (4 damage)
             ... on level 2 of the Dungeon.
             The game lasted 00:02:09 (1156 turns).

inc the Vexing (Felid Enchanter)                    Turns: 1156, Time: 00:02:10

Health: 0/14       AC:  1    Str:  4    XL:     3   Next: 55%
Magic:  1/7        EV: 19    Int: 17    God:
Gold:   127        SH:  0    Dex: 16    Spells: 3/6 levels left
                                        Lives:  0   Deaths: 0

rFire    . . .     SeeInvis +     - Unarmed
rCold    . . .     Gourm    .   (shield unavailable)
rNeg     . . .     Faith    .   (armour unavailable)
rPois    .         Spirit   .   (helmet unavailable)
rElec    .         Reflect  .   (cloak unavailable)
rCorr    .         Harm     .   (gloves unavailable)
MR       .....                  (boots unavailable)
Stlth    +++.......             (no amulet)
HPRegen  0.04/turn              (no ring)
MPRegen  0.10/turn              (no ring)

@: very slightly contaminated, quick
A: very small, no armour, no weapons or thrown items, stealth, claws 1, fangs 3,
see invisible, carnivore, speed 1, shaggy fur 1, slow metabolism 1, sharp paws
a: no special abilities


You were on level 2 of the Dungeon.
You were not hungry.

You visited 1 branch of the dungeon, and saw 2 of its levels.

You collected 127 gold pieces.

Inventory:

Scrolls
 d - a scroll of remove curse {unknown}
 f - 3 scrolls of identify {unknown}
 h - a scroll of enchant armour {unknown}
Potions
 c - 3 potions of curing {unknown}
 e - a potion of mutation {unknown}
 g - a potion of flight {unknown}
Books
 a - a book of Maledictions

   Spells                             Type                      Level
   a - Corona                         Hexes                        1
   b - Ensorcelled Hibernation        Hexes/Ice                    2
   c - Confuse                        Hexes                        3
   d - Tukima's Dance                 Hexes                        3
   e - Dazzling Spray                 Conjuration/Hexes            3
Comestibles
 b - 4 rations


   Skills:
 + Level 4.2 Dodging
 - Level 4.0 Stealth
 + Level 2.5 Unarmed Combat
 - Level 2.0 Spellcasting
 - Level 4.4 Hexes


You had 3 spell levels left.
You knew the following spells:

 Your Spells              Type           Power        Failure   Level  Hunger
a - Corona                Hex            ###....      3%          1    #......
b - Ensorcelled Hibernat  Hex/Ice        #.....       12%         2    ###....


Dungeon Overview and Level Annotations

Branches:
Dungeon (2/15)

Altars:


Innate Abilities, Weirdness & Mutations

You cannot wear armour.
You are incapable of wielding weapons or throwing items.
Your paws allow you to move quietly. (Stealth)
You have sharp claws.
You have razor-sharp teeth.
You have supernaturally acute eyesight. (SInv)
You are carnivorous and can eat meat at any time.
You cover ground quickly.
You are covered in fur. (AC +1)
You have a slow metabolism.
Your sharp claws are effective at attacking unaware monsters.


Message History

Confirm with . or Enter, or press ? or * to list all spells.
Aiming: Ensorcelled Hibernation
Press: ? - help, Shift-Dir - straight line, f - hobgoblin
Aim: a hobgoblin (chance to defeat MR: 58%)
You miscast Ensorcelled Hibernation.
You are very lightly contaminated with residual magic.
Your skin glows momentarily.
The hobgoblin closely misses you.
Casting: Ensorcelled Hibernation
Confirm with . or Enter, or press ? or * to list all spells.
Aiming: Ensorcelled Hibernation
Press: ? - help, Shift-Dir - straight line, f/p - hobgoblin
Aim: a hobgoblin (chance to defeat MR: 58%)
The hobgoblin looks drowsy...
The iguana bites you!
Ouch! That really hurt!
* * * LOW HITPOINT WARNING * * *
You pounce on the unaware helpless hobgoblin!
You claw the hobgoblin!
You kill the hobgoblin!
The iguana bites you.
You die...

#...#..###.# #...#
..#....# #.# #####
.....### #.#
....####....##########
............#........#
.......#....#........#
....##...............#
....# ####.#....††$..#
###.# ##.#...l@....#
#.# #...?......### .
.# ###..........# ##
..##............#
###.$[...#.#....####
........##.#.####
..#..........#
..#.........##
.....###....#


You could see an iguana.

Vanquished Creatures
  3 adders (D:2)
  2 giant cockroaches
  4 hobgoblins
  A kobold (D:1)
  A quokka (D:2)
  5 bats
  3 goblins
  3 rats
22 creatures vanquished.

Notes
Turn   | Place    | Note
-------+----------+-------------------------------------------
     0 | D:1      | inc the Felid Enchanter began the quest for the Orb.
     0 | D:1      | Reached XP level 1. HP: 7/7 MP: 4/4
     9 | D:1      | Noticed a centaur
   491 | D:1      | Reached XP level 2. HP: 9/11 MP: 6/6
   543 | D:2      | Learned a level 2 spell: Ensorcelled Hibernation
   905 | D:2      | Reached XP level 3. HP: 14/14 MP: 7/7
  1156 | D:2      | Slain by an iguana

Skill      XL: |  1  2  3 |
---------------+----------+-----
Dodging        | 3 4 |  4.2
Unarmed Combat | 2 |  2.5
Stealth        | |  4.0
Spellcasting   | |  2.0
Hexes          | |  4.4

Action                   || total
-------------------------++-------
Melee: Unarmed           ||    36
       Bite              ||     1
 Cast: Ensorcelled Hiber ||     9
 Stab: Sleeping          ||    15
       Distracted        ||     1
  Eat: Chunk             ||     2
Armor: Skin              ||     3
Dodge: Dodged            ||    37
